 Dungeon Crawl Stone Soup version 0.18.1-48-g4cf74bf (webtiles) character file.

14982 tyrion the Covert (level 11, 0/80 HPs)
             Began as a Vampire Enchanter on Aug 21, 2016.
             Was an Elder of Kikubaaqudgha.
             Killed by divine providence
             ... invoked by an orc priest
              (10 damage)
             ... on level 12 of the Dungeon.
             The game lasted 00:43:07 (14126 turns).

tyrion the Covert (Vampire Enchanter)              Turns: 14126, Time: 00:43:08

Health: 0/80       AC:  0    Str:  9    XL:     11   Next: 95%
Magic:  20/20      EV: 30    Int: 22    God:    Kikubaaqudgha [****..]
Gold:   667        SH:  0    Dex: 19    Spells: 7 memorised, 1 level left

rFire  . . .     SeeInvis +     (weapon currently unavailable)
rCold  + . .     Gourm    .     (armour currently unavailable)
rNeg   + + .     Faith    .     (shield currently unavailable)
rPois  +         Spirit   .     (helmet currently unavailable)
rElec  .         Dismiss  .     (cloak currently unavailable)
rCorr  .         Reflect  .     (gloves currently unavailable)
SustAt .         Harm     .     (boots currently unavailable)
MR     +....     Clarity  +     v - amulet of magic regeneration
Stlth  +++++++...               (ring currently unavailable)
                                (ring currently unavailable)

@: about to teleport, bat-form, flying, regenerating slowly, very quick,
somewhat resistant to hostile enchantments, extremely stealthy
A: fangs 3, (hooves 0), see invisible, clarity, strong 1, (unbreathing)
a: End Transformation, Receive Corpses, Renounce Religion


You were on level 12 of the Dungeon.
You worshipped Kikubaaqudgha.
Kikubaaqudgha was greatly pleased with you.
You were very thirsty.
You were in vampire-bat-form.
You visited 1 branch of the dungeon, and saw 13 of its levels.

You collected 786 gold pieces.
You spent 119 gold pieces at shops.

Inventory:

Hand Weapons
 m - a +2 vampiric dagger (melded)
 r - a +1 dagger of draining
 u - a +0 dagger of speed
 E - a +2 dagger of venom
Armour
 b - a +1 robe (melded)
 i - a +0 pair of boots (melded)
 j - a +1 pair of gloves (melded)
 p - a +0 cloak of poison resistance (melded)
 t - a +0 helmet (melded)
Jewellery
 o - a ring of sustain attributes (melded)
 v - an amulet of magic regeneration (around neck)
Wands
 y - a wand of flame (20/48)
 B - a wand of digging (11/24)
 C - a wand of flame (8/48)
Scrolls
 e - 4 scrolls of enchant armour
 f - 9 scrolls of identify
 g - 2 scrolls of remove curse
 h - a scroll of fog
 l - a scroll of recharging
 n - 3 scrolls of teleportation
 x - 2 scrolls of amnesia
 z - 2 scrolls of magic mapping
Potions
 d - 10 potions of blood
 k - a potion of agility
 q - 2 potions of might
 w - 3 potions of flight
Books
 D - Kikubaaqudgha's Collected Works on Unholy Secrets
   (Kikubaaqudgha gifted it to you on level 9 of the Dungeon)

   Spells                             Type                      Level
   a - Animate Dead                   Necromancy                   4
   b - Bolt of Draining               Conjuration/Necromancy       5
   c - Agony                          Necromancy                   5
   d - Cigotuvi's Embrace             Necromancy                   5
   e - Dispel Undead                  Necromancy                   5


   Skills:
 + Level 5.5 Fighting
 * Level 9.3 Short Blades
 * Level 9.5 Dodging
 * Level 12.9 Stealth
 + Level 6.0 Spellcasting
 - Level 11.0 Hexes
 * Level 7.5 Necromancy
 - Level 0.6 Ice Magic


You had one spell level left.
You knew the following spells:

 Your Spells              Type           Power        Failure   Level  Hunger
a - Corona                Hex            ######.      1%          1    None
b - Ensorcelled Hibernat  Hex/Ice        ####..       1%          2    None
c - Confuse               Hex            ######..     1%          3    #......
d - Sublimation of Blood  Necr           #####.....   1%          2    None
e - Vampiric Draining     Necr           #####.....   1%          3    #......
f - Agony                 Necr           #####...     12%         5    #####..
g - Dispel Undead         Necr           #####...     12%         5    #####..


Dungeon Overview and Level Annotations

Branches:
Dungeon (13/15)            Temple (0/1) D:5            Lair (0/8) D:10
    Orc (0/2) D:11
 Vaults: D:13-14

Altars:
Fedhas
Gozag
Kikubaaqudgha
Makhleb
Okawaru
Qazlal
Trog
Vehumet
Zin

Shops:
D:6 !:*

Portals:
Bailey: D:9


Innate Abilities, Weirdness & Mutations

You heal slowly.
You have razor-sharp teeth.
You have supernaturally acute eyesight.
((You can survive without breathing.))
((You have large cloven feet.))
You possess an exceptional clarity of mind.
Your muscles are strong. (Str +2)


Message History

There is a stone staircase leading up here.
Unknown command.
Unknown command.
Unknown command.
You fly upwards.
The slime creature quivers.
The large slime creature misses you.
There is a stone staircase leading down here.
Unknown command.
Unknown command.
You can't do that in your present form.
Read which item? (? for menu, Esc to quit)
As you read the scroll of teleportation, it crumbles to dust.
You feel strangely unstable.
Two slime creatures merge to form a very large slime creature.
Unknown command.
The orc priest calls down the wrath of Beogh upon you.
Beogh smites you!
You die...
Kikubaaqudgha rasps: "You have failed me!
Welcome... oblivion!"

#######$#
#.#
#######.#
.J.....o#
...J...o#
######J>#
#..# #..#
#b.#
....(....#
.........#
#######..#
#..# #..#
#..# #..#


You could see a very large slime creature, an orc priest and an orc.

Vanquished Creatures
  Erolcha (D:8)
  The ghost of tyrion the Demolition Dwarf, a journeyman DDNe of Makhleb (D:11)
  An unseen horror (D:11)
  3 hill giants
  Pikel (D:4)
  An ugly thing (D:11)
  A manticore (D:11)
  Joseph (D:7)
  Maurice (D:8)
  A gargoyle (D:12)
  Psyche (D:8)
  A troll (D:11)
  Grinder (D:3)
  A slime creature (D:12)
  A vampire (D:11)
  12 yaks
  Grum (D:8)
  2 hungry ghosts
  A hippogriff (D:9)
  2 soldier ants (D:11)
  Duvessa (D:6)
  An eye of draining (D:11)
  2 orc warriors
  2 sky beasts
  An ice beast (D:10)
  3 black bears
  A necrophage (D:11)
  5 ogres
  4 wolves (D:8)
  A centaur (D:9)
  A big kobold (D:10)
  11 giant frogs
  Blork the orc (D:5)
  A water moccasin zombie (D:10)
  A scorpion (D:10)
  Dowan (D:6)
  19 killer bees
  10 wights
  6 howler monkeys
  5 crimson imps
  A giant frog zombie (D:10)
  A quasit (D:3)
  A giant frog skeleton (D:9)
  5 hounds
  2 jellies (D:6)
  10 orc priests
  Crazy Yiuf (D:3)
  Jessica (D:3)
  13 orc wizards
  11 worker ants
  An iguana (D:10)
  A hound skeleton (D:5)
  A howler monkey zombie (D:8)
  10 adders
  A howler monkey skeleton (D:4)
  8 gnolls
  2 shadow imps
  An adder zombie (D:9)
  2 worms
  6 dart slugs
  3 giant geckos
  46 orcs
  A ball python (D:6)
  11 bats
  4 giant cockroaches
  7 goblins
  10 hobgoblins
  2 jackals (D:1)
  11 kobolds
  3 quokkas
  2 giant gecko skeletons
  A giant newt (D:3)
  A quokka zombie (D:8)
  9 rats
  4 fungi (D:10)
306 creatures vanquished.

Vanquished Creatures (others)
  A worm (D:4)
  An orc (D:4)
  2 fungi (D:10)
  3 plants (D:10)
7 creatures vanquished.

Grand Total: 313 creatures vanquished

Notes
Turn   | Place    | Note
--------------------------------------------------------------
     0 | D:1      | tyrion the Vampire Enchanter began the quest for the Orb.
     0 | D:1      | Reached XP level 1. HP: 13/13 MP: 3/3
   135 | D:1      | Reached XP level 2. HP: 6/19 MP: 1/5
   552 | D:1      | Reached XP level 3. HP: 10/25 MP: 4/6
  1242 | D:2      | Reached skill level 5 in Hexes
  1285 | D:2      | Found an ancient bone altar of Kikubaaqudgha.
  1311 | D:2      | Became a worshipper of Kikubaaqudgha
  1402 | D:1      | Learned a level 2 spell: Ensorcelled Hibernation
  1406 | D:1      | Learned a level 3 spell: Confuse
  1498 | D:2      | Reached skill level 5 in Stealth
  1703 | D:2      | Reached skill level 1 in Fighting
  1703 | D:2      | Reached XP level 4. HP: 29/32 MP: 0/7
  1848 | D:2      | Found a glowing silver altar of Zin.
  1848 | D:2      | Noticed an angel
  2651 | D:3      | Noticed Crazy Yiuf
  2674 | D:3      | Killed Crazy Yiuf
  2798 | D:3      | Noticed Grinder
  3006 | D:3      | Killed Grinder
  3006 | D:3      | Reached XP level 5. HP: 28/38 MP: 6/9
  3006 | D:3      | Reached XP level 6. HP: 33/44 MP: 6/10
  3095 | D:3      | Found an opulent altar of Gozag.
  3163 | D:3      | Reached skill level 6 in Stealth
  3180 | D:3      | Noticed Jessica
  3195 | D:3      | Killed Jessica
  3778 | D:4      | Noticed Pikel
  3783 | D:4      | Noticed a slave
  3785 | D:4      | Noticed a slave
  3789 | D:4      | Noticed a slave
  3791 | D:4      | Noticed a slave
  3823 | D:4      | Killed Pikel
  3823 | D:4      | Reached XP level 7. HP: 32/51 MP: 3/11
  3914 | D:4      | Reached * piety under Kikubaaqudgha
  3914 | D:4      | Received a gift from Kikubaaqudgha
  3914 | D:4      | Reached skill level 7 in Stealth
  3923 | D:4      | Identified Kikubaaqudgha's Volume of Sinister Arts (Kikubaaqudgha gifted it to you on level 4 of the Dungeon)
  3927 | D:4      | Learned a level 2 spell: Sublimation of Blood
  3931 | D:4      | Learned a level 3 spell: Vampiric Draining
  4150 | D:4      | Found a blossoming altar of Fedhas.
  4445 | D:4      | Found a stormy altar of Qazlal.
  4590 | D:4      | Reached skill level 5 in Dodging
  4590 | D:4      | Reached XP level 8. HP: 34/57 MP: 1/13
  4601 | D:4      | Gained mutation: You have large cloven feet. [potion of mutation]
  4601 | D:4      | Gained mutation: You possess an exceptional clarity of mind. [potion of mutation]
  4601 | D:4      | Gained mutation: Your muscles are strong. (Str +2) [potion of mutation]
  4849 | D:5      | Entered Level 5 of the Dungeon
  5062 | D:5      | Noticed Blork the orc
  5066 | D:5      | Killed Blork the orc
  5115 | D:5      | Reached skill level 8 in Stealth
  5121 | D:5      | Reached skill level 1 in Necromancy
  5462 | D:5      | Found a staircase to the Ecumenical Temple.
  5478 | D:5      | Reached skill level 5 in Short Blades
  5622 | D:6      | Found Pyophap's General Store.
  5631 | D:6      | Bought a scroll of teleportation for 39 gold pieces
  5853 | D:6      | Got an ancient rapier
  5854 | D:6      | Identified the cursed +0 rapier of Nightmares {pierce, rF+} (You found it on level 6 of the Dungeon)
  5988 | D:6      | Found Jiothrynue's Book Emporium.
  5993 | D:6      | Found Lointiph's Distillery.
  5993 | D:6      | Noticed Duvessa
  5993 | D:6      | Noticed Dowan
  6004 | D:6      | Killed Dowan
  6048 | D:6      | Killed Duvessa
  6067 | D:6      | Bought a potion of heal wounds for 50 gold pieces
  6067 | D:6      | Bought a potion of curing for 30 gold pieces
  6106 | D:6      | Found a burning altar of Makhleb.
  6367 | D:7      | Noticed Joseph
  6423 | D:7      | Killed Joseph
  6423 | D:7      | Reached skill level 9 in Stealth
  6423 | D:7      | Reached XP level 9. HP: 19/64 MP: 0/15
  7046 | D:7      | Found an iron altar of Okawaru.
  7791 | D:7      | Found a radiant altar of Vehumet.
  8763 | D:8      | Found a bloodstained altar of Trog.
  8858 | D:8      | Noticed Erolcha
  8907 | D:8      | Killed Erolcha
  8907 | D:8      | Reached ** piety under Kikubaaqudgha
  8907 | D:8      | Reached skill level 10 in Stealth
  8907 | D:8      | Reached XP level 10. HP: 71/71 MP: 4/16
  9081 | D:8      | Noticed Psyche
  9093 | D:8      | Noticed Grum
  9329 | D:8      | Noticed Maurice
  9347 | D:8      | Killed Grum
  9354 | D:8      | Reached skill level 5 in Necromancy
  9358 | D:8      | Killed Psyche
  9358 | D:8      | Reached skill level 10 in Hexes
  9504 | D:8      | Killed Maurice
  9622 | D:8      | Noticed a hill giant
  9637 | D:8      | Killed a hill giant
  9637 | D:8      | Reached skill level 11 in Stealth
  9878 | D:9      | Found a flagged portal.
 10050 | D:9      | Reached *** piety under Kikubaaqudgha
 10050 | D:9      | Received a gift from Kikubaaqudgha
 10107 | D:9      | Identified Kikubaaqudgha's Collected Works on Unholy Secrets (Kikubaaqudgha gifted it to you on level 9 of the Dungeon)
 10114 | D:9      | Learned a level 5 spell: Agony
 10576 | D:10     | Entered Level 10 of the Dungeon
 10710 | D:10     | Found a staircase to the Lair.
 10863 | D:10     | Reached skill level 5 in Spellcasting
 11241 | D:10     | Reached XP level 11. HP: 78/78 MP: 9/18
 11731 | D:10     | Noticed a hill giant
 11743 | D:10     | Killed a hill giant
 11914 | D:11     | Reached **** piety under Kikubaaqudgha
 11949 | D:11     | Noticed a hill giant
 11958 | D:11     | Killed a hill giant
 12045 | D:11     | Reached skill level 5 in Fighting
 12108 | D:11     | Reached skill level 12 in Stealth
 12154 | D:11     | Noticed an unseen horror
 12164 | D:11     | Killed an unseen horror
 12370 | D:11     | Learned a level 5 spell: Dispel Undead
 12450 | D:11     | Noticed tyrion's ghost (journeyman DDNe)
 12995 | D:11     | Found a staircase to the Orcish Mines.
 13084 | D:11     | Killed tyrion's ghost
 13315 | D:11     | Noticed a white ugly thing
 13325 | D:11     | Killed a white ugly thing
 13503 | D:11     | HP: 3/80 [acid (3)]
 14120 | D:13     | Noticed a deep elf mage
 14126 | D:12     | Killed from afar by an orc priest

Skill      XL: |  1  2  3  4  5  6  7  8  9 10 11 |
---------------+----------------------------------+-----
Hexes          | 5 7 8 9 10 11 | 11.0
Stealth        | 5 6 7 9 10 11 12 | 12.9
Fighting       | 1 2 3 4 5 |  5.5
Short Blades   | 2 4 5 6 8 9 |  9.3
Dodging        | 3 4 5 6 7 8 9 |  9.5
Spellcasting   | 3 4 5 6 |  6.0
Necromancy     | 3 4 6 7 |  7.5
Ice Magic      | |  0.6

Action                   |  1- 3 |  4- 6 |  7- 9 | 10-12 || total
-------------------------+-------+-------+-------+-------++-------
Melee: Dagger            |   168 |   174 |   327 |   840 ||  1509
       Bite              |    11 |     8 |    26 |    73 ||   118
       Kick              |       |       |     4 |       ||     4
 Cast: Corona            |     9 |     1 |       |       ||    10
       Ensorcelled Hiber |     6 |    11 |    47 |   101 ||   165
       Confuse           |       |     9 |    32 |    30 ||    71
       Dispel Undead     |       |       |       |     1 ||     1
 Abil: Bat Form          |     2 |     2 |       |     1 ||     5
       End Transformatio |     2 |     2 |       |       ||     4
  Use: Potion            |       |     2 |    20 |     6 ||    28
       Scroll            |       |       |    15 |     7 ||    22
 Stab: Sleeping          |     5 |    16 |    48 |    69 ||   138
       Confused          |       |     4 |    15 |    17 ||    36
       Distracted        |       |       |     1 |     1 ||     2
  Eat: Corpse            |       |     1 |       |       ||     1
Armor: Robe              |    49 |    58 |    48 |   127 ||   282
Dodge: Dodged            |   144 |   111 |   164 |   456 ||   875
